 Dungeon Crawl Stone Soup version 0.28.0-53-g5a82cb258f (webtiles) character file.

Game seed: 118628570854099930

297 issech the Chopper (level 6, -7/53 HPs)
             Began as a Minotaur Monk on June 1, 2022.
             Mangled by Blork the orc
             ... wielding a +2 battleaxe of electrocution
              (14 damage)
             ... on level 5 of the Dungeon.
             The game lasted 00:10:48 (4179 turns).

issech the Chopper (Minotaur Monk)                  Turns: 4179, Time: 00:10:48

Health: -7/53      AC: 10    Str: 21    XL:     6   Next: 12%
Magic:  5/5        EV:  9    Int:  7    God:
Gold:   181        SH:  0    Dex: 15    Spells: 5/5 levels left

rFire   . . .      SeeInvis .   E - +2 quarterstaff (chaos)
rCold   + . .      Faith    .   (shield currently unavailable)
rNeg    . . .      Spirit   .   A - +0 chain mail
rPois   .          Reflect  .   (helmet restricted)
rElec   .          Harm     .   F - +0 cloak
rCorr   .          Rampage  .   (no gloves)
Will    .....                   (no boots)
Stlth   ..........              (no amulet)
HPRegen 0.17/turn               j - +6 ring of strength
MPRegen 0.09/turn               t - ring of protection from cold

@: no status effects
A: horns 2, retaliatory headbutt
a: no special abilities


You were on level 5 of the Dungeon.
You visited 1 branch of the dungeon, and saw 5 of its levels.

You collected 181 gold pieces.

Inventory:

Hand Weapons
 a - a +0 hand axe
 b - a +0 mace
 c - a +0 flail
 e - a +0 short sword
 n - a +0 trident of flaming
 o - a +0 quarterstaff
 u - a +0 shortbow
 x - a +0 hand crossbow
 E - a +2 quarterstaff of chaos (weapon)
 I - a +0 hunting sling
Missiles
 d - 10 poisoned darts
 f - 63 sling bullets
 g - 54 arrows
 s - 113 stones (quivered)
Armour
 A - a +0 chain mail (worn)
 F - a +0 cloak (worn)
Jewellery
 j - a +6 ring of strength (left hand)
 t - a ring of protection from cold (right hand)
 w - a ring of ice
Scrolls
 h - a scroll of identify {unknown}
 i - a scroll of vulnerability {unknown}
 l - a scroll of fog {unknown}
 m - a scroll of noise {unknown}
 q - 3 scrolls of teleportation {unknown}
 y - a scroll of fear {unknown}
 B - a scroll of amnesia {unknown}
 C - 2 scrolls of enchant armour {unknown}
 G - a scroll of enchant weapon {unknown}
Potions
 k - a potion of mutation {unknown}
 p - a potion of cancellation {unknown}
 r - 3 potions of curing {unknown}
 v - a potion of haste {unknown}
 z - a potion of heal wounds {unknown}
 D - a potion of brilliance {unknown}
 H - a potion of berserk rage {unknown}
 J - a potion of lignification {unknown}


   Skills:
 + Level 4.6 Fighting
 + Level 6.0 Axes
 + Level 0.5 Staves
 + Level 2.7 Armour
 + Level 4.1 Dodging
 + Level 2.2 Stealth


You had 5 spell levels left.
You didn't know any spells.
Your spell library contained the following spells:

 Spells                   Type           Power      Damage    Failure   Level
 Foxfire                  Conj/Fire      0%         2x1d4     99%         1
 Summon Small Mammal      Summ           0%         N/A       99%         1
 Call Canine Familiar     Summ           0%         N/A       100%        3
 Conjure Flame            Conj/Fire      0%         6-21      100%        3
 Inner Flame              Hex/Fire       0%         N/A       100%        3
 Summon Guardian Golem    Hex/Summ       0%         N/A       100%        3
 Flame Wave               Conj/Fire      0%         2d4       100%        4


Dungeon Overview and Level Annotations

Branches:
Dungeon (5/15)
 Temple: D:4-7

Altars:
Gozag

Annotations:
D:5 Blork the orc


Innate Abilities, Weirdness & Mutations

You have a pair of horns on your head.
You reflexively headbutt those who attack you in melee.


Message History

There is a stone staircase leading down here.
s - 116 stones (gained 25)
Found an opulent altar of Gozag.
There is an opulent altar of Gozag here.
Things that are here:
a +0 falchion; a +0 leather armour Done exploring.
Done exploring.
There is a stone staircase leading down here.
You climb downwards.
Blork the orc shouts!
The iguana hisses angrily.
Found 12 stones and 6 poisoned darts.
There is a stone staircase leading up here.
You throw a stone.
The stone hits Blork the orc but does no damage.
Blork the orc points at you and mumbles some strange words.
The magic dart hits you!
You throw a stone.
The stone hits Blork the orc but does no damage.
You throw a stone.
The stone hits Blork the orc but does no damage.
Blork the orc casts a spell.
Blork the orc seems to speed up.
You sock Blork the orc! Your headbutt misses Blork the orc.
Blork the orc is moderately wounded.
Blork the orc barely misses you.
Blork the orc hits you with a +2 battleaxe of electrocution!
You sock Blork the orc! You burn Blork the orc.
Blork the orc is severely wounded.
Blork the orc hits you with a +2 battleaxe of electrocution! x2
You sock Blork the orc!
Blork the orc's magic leaks into the air.
Blork the orc is almost dead.
Blork the orc hits you with a +2 battleaxe of electrocution!
* * * LOW HITPOINT WARNING * * *
The iguana bites you but does no damage.
Blork the orc hits you with a +2 battleaxe of electrocution.
* * * LOW HITPOINT WARNING * * *
You are electrocuted!
You die...

#.# #.# #.#
#####.##
#......#
#......#
#......#
#.((o@<#
........l...#
###(........#
####..(...#
#......#
#......#
#......#
#......#


You could see Blork the orc (fast, magic disrupted) and an iguana.

Vanquished Creatures
  A scorpion (D:4)
  Crazy Yiuf (D:3)
  3 orc priests (D:4)
  3 adders (D:2)
  A white imp (D:3)
  A worm (D:3)
  3 dart slugs
  5 orcs
  5 endoplasms
  5 goblins
  3 hobgoblins
  5 jackals
  7 quokkas
  10 ball pythons
  11 bats
  2 frilled lizards
  6 kobolds
  9 rats
  A spectral goblin (D:1)
82 creatures vanquished.

Vanquished Creatures (others)
  A plant (D:1)
1 creature vanquished.

Grand Total: 83 creatures vanquished

Notes
Turn   | Place    | Note
-------+----------+-------------------------------------------
     0 | D:1      | issech the Minotaur Monk began the quest for the Orb.
     0 | D:1      | Reached XP level 1. HP: 19/19 MP: 0/0
   157 | D:1      | Reached XP level 2. HP: 23/27 MP: 1/1
   266 | D:1      | Reached skill level 4 in Axes
   460 | D:1      | Found a faded altar of an unknown god.
   636 | D:1      | Reached XP level 3. HP: 27/33 MP: 2/2
  1193 | D:2      | Reached XP level 4. HP: 40/40 MP: 3/3
  1534 | D:3      | Found a runed translucent door.
  1535 | D:3      | Noticed Crazy Yiuf
  2773 | D:3      | Killed Crazy Yiuf
  2774 | D:3      | Reached skill level 5 in Axes
  2774 | D:3      | Reached XP level 5. HP: 37/47 MP: 4/4
  3158 | D:4      | Reached skill level 1 in Armour
  3365 | D:4      | Reached skill level 6 in Axes
  3373 | D:4      | Reached XP level 6. HP: 37/53 MP: 5/5
  3987 | D:4      | Found an opulent altar of Gozag.
  4172 | D:5      | Entered Level 5 of the Dungeon
  4172 | D:5      | Noticed Blork the orc
  4179 | D:5      | Mangled by Blork the orc

Illustrated notes

Levels and vault maps discovered:
D:1:      saegor_arrival_simple_d, layout_loops_ring,
          dreamdust_ecumenical_altar_drowned_temple, serial_bayou_pond_b
D:2:      layout_rooms, chequers_serial_rivers_micro_c, minmay_heptomino_l4
D:3:      minmay_razor_zed, layout_basic, uniq_crazy_yiuf_cottage
D:4:      layout_layer_cave, mainiacjoe_overflow_alcove_2
D:5:      layout_basic, old_standard_altar, serial_shops,
          nicolae_shop_overgrown_old_shop, uniq_blork_the_orc

Skill      XL: |  1  2  3  4  5 |
---------------+----------------+-----
Axes           | 4 5 6 |  6.0
Fighting       | 4 |  4.6
Dodging        | 4 |  4.1
Stealth        | 2 |  2.2
Armour         | 2 |  2.7
Staves         | |  0.5

Action                   |  1- 3 |  4- 6 || total
-------------------------+-------+-------++-------
Melee: Hand axe          |    63 |    63 ||   126
       Headbutt          |    11 |    14 ||    25
       Punch             |     2 |       ||     2
       Quarterstaff      |       |    16 ||    16
Throw: Dart              |       |     1 ||     1
       Stone             |       |     7 ||     7
 Stab: Sleeping          |     2 |       ||     2
Armor: Robe              |    11 |       ||    11
       Ring mail         |    10 |     5 ||    15
       Chain mail        |       |    36 ||    36
Dodge: Dodged            |    53 |    52 ||   105
